 Dungeon Crawl Stone Soup version 0.27.1-4-g1640c2035a (webtiles) character file.

Game seed: 17252123571933733929

618 tizbic2 the Sneak (level 7, -2/22 (35) HPs)
             Began as a Vine Stalker Brigand on Nov 13, 2021.
             Was a Believer of Jiyva.
             Slain by a wight (9 damage)
             ... on level 4 of the Dungeon.
             The game lasted 00:30:23 (3498 turns).

tizbic2 the Sneak (Vine Stalker Brigand)            Turns: 3498, Time: 00:30:24

HP:   -2/22 (35)    AC:  8    Str: 13    XL:     7   Next: 45%
MP:   0/20          EV: 11    Int: 13    God:    Jiyva [**....]
Gold: 98            SH:  0    Dex: 22    Spells: 10/10 levels left

rFire    . . .     SeeInvis .   k - staff of poison
rCold    . . .     Faith    .   (no shield)
rNeg     . . .     Spirit   +   h - +0 ring mail
rPois    +         Reflect  .   (no helmet)
rElec    .         Harm     .   p - +2 cloak
rCorr    .         Rampage  .   (no gloves)
Will     .....                  (no boots)
Stlth    +++.......             (no amulet)
HPRegen  1.07/turn              b - +6 ring of dexterity
MPRegen  0.17/turn              n - ring of magical power

@: very heavily drained
A: fangs 2, regeneration 1, magic shield, antimagic bite, no potion heal 2
a: Renounce Religion, Request Jelly


You were on level 4 of the Dungeon.
You worshipped Jiyva.
Jiyva was pleased with you.
You visited 1 branch of the dungeon, and saw 4 of its levels.

You collected 98 gold pieces.

Inventory:

Missiles
 d - 7 poisoned darts
 e - a curare-tipped dart
 g - 83 stones (quivered)
Armour
 h - a +0 ring mail (worn)
 p - a +2 cloak (worn)
Magical Staves
 k - a staff of poison (weapon)
Jewellery
 b - a +6 ring of dexterity (left hand)
 c - a ring of wizardry
 m - a ring of willpower
 n - a ring of magical power (right hand)
Potions
 a - a potion of haste {unknown}
 f - 2 potions of attraction {unknown}
 l - 2 potions of brilliance
 o - a potion of heal wounds {unknown}


   Skills:
 + Level 2.6 Fighting
 - Level 1.9(2.1) Short Blades
 - Level 1.0(1.5) Long Blades
 * Level 3.0 Staves
 + Level 2.2 Throwing
 + Level 1.9 Armour
 + Level 2.1 Dodging
 - Level 5.4 Stealth
 * Level 2.1 Spellcasting
 * Level 2.0 Poison Magic
 * Level 2.0 Evocations


You had 10 spell levels left.
You didn't know any spells.
Your spell library contained the following spells:

 Spells                   Type           Power      Damage    Failure   Level
 Sublimation of Blood     Necr           0%         N/A       63%         2
 Petrify                  Tmut/Erth      1%         N/A       99%         4
 Summon Ice Beast         Ice/Summ       1%         N/A       99%         4
 Irradiate                Conj/Tmut      0%         3d13      100%        5
 Summon Mana Viper        Hex/Summ       1%         N/A       100%        5
 Monstrous Menagerie      Summ           0%         N/A       100%        7


Dungeon Overview and Level Annotations

Branches:
Dungeon (4/15)             Temple (0/1) D:4

Altars:
Kikubaaqudgha
Nemelex Xobeh
Sif Muna
Vehumet
Jiyva

Shops:
D:1 =

Annotations:
D:3 MoonRat's ghost, amateur DsSu
D:4 2 transporters, Icepheonix32's ghost, amateur DsTm


Innate Abilities, Weirdness & Mutations

You have extremely sharp teeth.
Your natural rate of healing is unusually fast.
When hurt, damage is shared between your health and your magic reserves.
Your bite disrupts and absorbs the magic of your enemies.
Potions cannot restore your health.


Message History

You hit the wight.
The wight is moderately damaged.
The wight hits you with a +3 scimitar.
You hit the wight.
The wight is moderately damaged.
The wight hits you with a +3 scimitar.
You hit the wight but do no damage.
The wight is moderately damaged.
The wight closely misses you.
You hit the wight.
The wight is heavily damaged.
The wight barely misses you.
You closely miss the wight. Your bite misses the wight.
The wight is heavily damaged.
The wight hits you with a +3 scimitar!
You feel drained.
You swap places.
The wight hits the jelly with a +3 scimitar.
The wight drains the jelly.
The wight is burned by acid!
The jelly barely misses the wight.
The wight hits the jelly with a +3 scimitar!
The jelly dies!
The wight hits the jelly with a +3 scimitar.
The wight is burned by acid!
The jelly barely misses the wight.
The wight hits the jelly with a +3 scimitar!
The wight is burned by acid!
The jelly completely misses the wight.
The wight hits the jelly with a +3 scimitar!
The jelly dies!
You hear a distant slurping noise.
You hit the wight but do no damage.
The wight is almost destroyed.
The wight hits you with a +3 scimitar!
You barely miss the wight. Your bite misses the wight.
The wight is almost destroyed.
The wight hits you with a +3 scimitar!
You barely miss the wight. You bite the wight, but do no damage.
The wight is almost destroyed.
The wight hits you with a +3 scimitar!
* * * LOW HITPOINT WARNING * * *
The wight hits you with a +3 scimitar!
You die...

#.#...........#.#
#.#..###.###?.#J#
##.#..#8#.#8#..#J##
##..#...........#..#
#..©#.....©.....#©..
#...#...........#...
#.#.#.W#8#.#8#..#.#.
#..z#M.###.###..#.#.
##.@#....J..(?..#.#.
#..#..........©#.#.
#..#############.#.
##..J....J..........
#..#########.####..#
#.## #... .... ####.##
######### #.....# ##
#.....################.


You could see a mummy, a wight, Icepheonix32's ghost and 3 neutral jellies
(fellow slime).

Vanquished Creatures
  An ogre (D:4)
  A phantom (D:4)
  A scorpion (D:4)
  A wight (D:4)
  A quasit (D:2)
  A hound (D:4)
  Natasha (thrice) (D:4)
  4 orc wizards
  2 adders
  3 gnolls (D:2)
  A worm (D:2)
  9 orcs (D:3)
  4 endoplasms
  4 giant cockroaches
  9 goblins
  10 hobgoblins
  4 jackals (D:1)
  A kobold (D:2)
  6 quokkas
  8 ball pythons
  3 bats
  3 frilled lizards
  4 rats
84 creatures vanquished.

Vanquished Creatures (others)
  4 jellies (D:4)
  A wyvern skeleton (D:4)
  A water moccasin skeleton (D:4)
  2 wights (D:4)
  A bullfrog skeleton (D:4)
  2 orcs
  A ball python (D:4)
  An endoplasm (D:4)
  A kobold (D:3)
  4 fungi (D:2)
  4 plants
22 creatures vanquished.

Grand Total: 106 creatures vanquished

Notes
Turn   | Place    | Note
-------+----------+-------------------------------------------
     0 | D:1      | tizbic2 the Vine Stalker Brigand began the quest for the
                  | Orb.
     0 | D:1      | Reached XP level 1. HP: 11/11 MP: 2/2
   127 | D:1      | Reached skill level 5 in Stealth
   130 | D:1      | Reached XP level 2. HP: 13/15 MP: 3/3
   337 | D:1      | Reached skill level 1 in Long Blades
   399 | D:1      | Found Vynnunk's Jewellery Boutique.
   442 | D:1      | Reached XP level 3. HP: 17/18 MP: 4/4
   899 | D:2      | Reached skill level 1 in Dodging
  1166 | D:2      | Gained mutation: Your natural rate of healing is unusually
                  | fast. [Vine Stalker growth]
  1166 | D:2      | Reached XP level 4. HP: 13/23 MP: 3/5
  1305 | D:2      | Reached skill level 1 in Staves
  1344 | D:2      | Found a faded altar of an unknown god.
  1353 | D:2      | Became a worshipper of Jiyva Jira the Shapeless
  1353 | D:2      | Reached * piety under Jiyva
  1885 | D:3      | Found a transporter.
  1890 | D:3      | Noticed MoonRat's ghost (amateur DsSu)
  1942 | D:3      | Found a sparkling altar of Nemelex Xobeh.
  2068 | D:3      | Reached XP level 5. HP: 26/26 MP: 6/6
  2115 | D:3      | Reached ** piety under Jiyva
  2302 | D:3      | Found a transporter.
  2751 | D:2      | Reached skill level 1 in Armour
  2751 | D:2      | Reached skill level 1 in Spellcasting
  2751 | D:2      | Reached skill level 1 in Evocations
  2871 | D:4      | Reached skill level 1 in Poison Magic
  2886 | D:4      | Reached XP level 6. HP: 23/30 MP: 6/8
  2897 | D:4      | Noticed Natasha
  2920 | D:4      | Killed Natasha
  2924 | D:4      | Found a radiant altar of Vehumet.
  2940 | D:4      | Found an ancient bone altar of Kikubaaqudgha.
  2963 | D:4      | Found a shimmering blue altar of Sif Muna.
  3009 | D:4      | Noticed Natasha
  3010 | D:4      | Found a staircase to the Ecumenical Temple.
  3021 | D:4      | Killed Natasha
  3028 | D:4      | Noticed Natasha
  3039 | D:4      | Killed Natasha
  3131 | D:4      | Reached XP level 7. HP: 35/35 MP: 10/10
  3270 | D:4      | Found a transporter.
  3284 | D:4      | Noticed Icepheonix32's ghost (amateur DsTm)
  3289 | D:4      | Found a transporter.
  3498 | D:4      | Slain by a wight

Illustrated notes

Levels and vault maps discovered:
D:1:      mrwooster_arrival_arrow, layout_rooms, serial_shops, shop
D:2:      layout_rooms, shapermc_ecumenical_altar_hornbeckon,
          minmay_misc_feat_columns, kennysheep_minor_cross, chequers_jeans
D:3:      layout_basic, nemelex_xobeh_ov_fountains_minmay,
          gammafunk_ghost_stat_death, serial_bayou_pond_d,
          grunt_decor_mini_mirrors
D:4:      layout_rooms, palyth_temple_overflow_mages, minmay_temple_entry_glass,
          gammafunk_ghost_mausoleum, glass_columns_a, uniq_natasha

Skill      XL: |  1  2  3  4  5  6  7 |
---------------+----------------------+-----
Stealth        | 5 |  5.4
Long Blades    | 1 |  1.0
Fighting       | 2 |  2.6
Dodging        | 1 2 |  2.1
Throwing       | 2 |  2.2
Staves         | 1 2 3 |  3.0
Armour         | 1 |  1.9
Spellcasting   | 1 2 |  2.1
Evocations     | 1 2 |  2.0
Poison Magic   | 1 2 |  2.0
Short Blades   | |  1.9

Action                   |  1- 3 |  4- 6 |  7- 9 || total
-------------------------+-------+-------+-------++-------
Melee: Dagger            |    55 |       |       ||    55
       Bite              |    32 |    74 |    30 ||   136
       Staff             |    70 |   302 |    71 ||   443
Throw: Stone             |    36 |       |       ||    36
       Dart              |    11 |       |       ||    11
Invok: Request Jelly     |       |     1 |       ||     1
  Use: Scroll            |     2 |       |       ||     2
       Potion            |       |       |     1 ||     1
 Stab: Sleeping          |     1 |     3 |       ||     4
Armor: Robe              |     4 |       |       ||     4
       Ring mail         |    37 |   246 |     8 ||   291
Dodge: Dodged            |    57 |   288 |    33 ||   378
